 Dungeon Crawl Stone Soup version 0.20-a0-208-g55166f7 (webtiles) character file.

1773930 GordonOverkill the Conqueror (level 27, 273/273 HPs)
             Began as a Minotaur Fighter on Nov 24, 2016.
             Was the Champion of Okawaru.
             Escaped with the Orb
             ... and 3 runes on Nov 25, 2016!
             The game lasted 03:48:31 (64909 turns).

GordonOverkill the Conqueror (Minotaur Fighter)    Turns: 64909, Time: 03:48:31

Health: 273/273    AC: 51    Str: 33    XL:     27
Magic:  30/30      EV: 23    Int:  5    God:    Okawaru [******]
Gold:   1418       SH: 22    Dex: 17    Spells: 26/26 levels left

rFire  + + .     SeeInvis +     n - +8 broad axe of Valour {chop, *Noise rPois rF+ MR+}
rCold  + . .     Gourm    .     o - +12 plate armour "Bupp" {+Inv Regen+ Str+3}
rNeg   . . .     Faith    .     F - +2 shield of Resistance {rF+ rC+ MR+}
rPois  +         Spirit   .     h - +1 hat {SInv}
rElec  .         Reflect  .     Y - +2 cloak {MR+}
rCorr  .         Harm     .     N - +2 pair of gloves {Str+3}
MR     +++++     NoCast   +     K - +2 pair of boots of Vinkessytir {-Cast +Inv MR++}
Stlth  ..........               Q - amulet of regeneration
                                W - ring of poison resistance
                                k - +4 ring of protection

@: no status effects
A: retaliatory headbutt, horns 2, slow regeneration 1
0: Orb of Zot
}: 3/15 runes: decaying, silver, gossamer
a: Heroism, Finesse, Renounce Religion, Evoke Invisibility


You escaped.
You worshipped Okawaru.
Okawaru was exalted by your worship.
You were not hungry.

You visited 9 branches of the dungeon, and saw 47 of its levels.
You visited the Abyss 1 time.
You visited 1 bazaar.
You also visited: Trove.

You collected 7446 gold pieces.
You spent 6028 gold pieces at shops.

Inventory:

Hand Weapons
 g - the +5 broad axe of Fuzuecro {drain, rElec Str+4 Int+2}
   (You found it in a treasure trove)

   A truly terrible weapon, it drains the life of those it strikes.
   It affects your strength (+4).
   It affects your intelligence (+2).
   It insulates you from electricity.
 n - the +8 broad axe of Valour (weapon) {chop, *Noise rPois rF+ MR+}
   (Okawaru gifted it to you on level 5 of the Realm of Zot)

   It inflicts extra damage upon your enemies.
   It protects you from fire.
   It protects you from poison.
   It affects your resistance to hostile enchantments.
   It may make noises in combat.
 O - a +4 broad axe of holy wrath
 P - a +9 broad axe of chopping
 S - the +4 broad axe "Tassavall" {antimagic, rPois rN+ Str+3}
   (You found it in a treasure trove)

   It reduces the magical energy of the wielder, and disrupts the spells and
   magical abilities of those hit.
   Natural abilities and divine invocations are not affected.
   It affects your strength (+3).
   It protects you from poison.
   It protects you from negative energy.
Armour
 h - a +1 hat of see invisible (worn)
 m - +9 gold dragon scales
 o - the +12 plate armour "Bupp" (worn) {+Inv Regen+ Str+3}
   (You found it on level 5 of the Vaults)

   It affects your strength (+3).
   It lets you turn invisible.
   It increases your rate of regeneration.
 F - the +2 shield of Resistance (worn) {rF+ rC+ MR+}
   (You acquired it on level 9 of the Dungeon)

   It protects you from fire.
   It protects you from cold.
   It affects your resistance to hostile enchantments.
 K - the +2 pair of boots of Vinkessytir (worn) {-Cast +Inv MR++}
   (Okawaru gifted it to you on level 14 of the Dungeon)

   It affects your resistance to hostile enchantments.
   It lets you turn invisible.
   It prevents spellcasting.
 N - a +2 pair of gloves of strength (worn)
 V - a +2 hat of magic resistance
 Y - a +2 cloak of magic resistance (worn)
Jewellery
 k - a +4 ring of protection (left hand)
 J - an uncursed ring of resist corrosion
 Q - an amulet of regeneration (around neck)
 W - a ring of poison resistance (right hand)
Wands
 a - a wand of heal wounds (2/9)
 v - a wand of teleportation (4/9)
 G - a wand of disintegration (13/24)
 I - a wand of digging (6/24)
 L - a wand of teleportation (2/9)
 R - a wand of disintegration (3/24)
Scrolls
 b - 16 scrolls of remove curse
 j - 16 scrolls of teleportation
 q - 4 scrolls of magic mapping
 t - a scroll of recharging
 x - 3 scrolls of identify
 z - a scroll of fear
 A - 8 scrolls of fog
 E - 3 scrolls of blinking
 M - 2 scrolls of silence
 Z - 2 scrolls of summoning
Potions
 e - 21 potions of curing
 i - 5 potions of cancellation
 l - 13 potions of haste
 p - 3 potions of agility
 r - a potion of cure mutation
 s - 9 potions of lignification
 w - 6 potions of flight
 B - 7 potions of ambrosia
 C - 2 potions of berserk rage
 D - 6 potions of might
 T - 2 potions of resistance
Comestibles
 c - 16 meat rations
 d - 5 royal jellies
 f - 26 bread rations


   Skills:
 O Level 27 Fighting
 - Level 18.0 Axes
 O Level 27 Armour
 + Level 21.3 Dodging
 O Level 27 Shields
 - Level 11.0 Invocations
 - Level 8.4 Evocations


You had 26 spell levels left.
You didn't know any spells.

Dungeon Overview and Level Annotations

Branches:
Dungeon (15/15)            Temple (1/1) D:6            Lair (6/6) D:8
  Swamp (4/4) Lair:4       Spider (4/4) Lair:2        Slime (0/5) Lair:5
    Orc (2/2) D:10            Elf (0/3) Orc:2        Vaults (5/5) D:14
  Crypt (0/3) Vaults:3     Depths (5/5) D:15            Zot (5/5) Depths:5

Altars:
Ashenzari
Cheibriados
Dithmenos
Elyvilon
Fedhas
Gozag
Hepliaklqana
Kikubaaqudgha
Makhleb
Nemelex Xobeh
Okawaru
Qazlal
Ru
Sif Muna
Trog
Uskayaw
Vehumet
Xom
Yredelemnul
Zin
The Shining One
Beogh

Shops:
D:6 (   D:8 !   Orc:1 =   Orc:2 }(:[   Vaults:1 :(((   Vaults:3 %   Vaults:4 ?
Depths:4 !}=}   Depths:5 *

Portals:
Hell: Depths:1 Depths:2 Depths:3 Depths:4 Depths:5
Abyss: Depths:2 Depths:4 Depths:5
Pandemonium: Depths:3
Ziggurat: Depths:4


Innate Abilities, Weirdness & Mutations

You reflexively headbutt those who attack you in melee.
You have a pair of horns on your head.
You regenerate slowly when monsters are visible.


Message History

You hit the rust devil but do no damage.
Your headbutt misses the rust devil. You block the rust devil's attack.
You slice the rust devil!!
You headbutt the rust devil, but do no damage.
The rust devil is almost dead.
You chop the rust devil into pieces!!!
You kill the rust devil!
Okawaru accepts your kill.
No target in view!
No target in view!
(D) Dungeon (T) Temple (L) Lair (S) Swamp (N) Spider Nest (M) Slime Pits (O) Orcish Mines (E) Elven Halls (V) Vaults (C) Crypt (U) Depths (H) Hell (Z) Zot
Where to? (Enter - D:1 @ (x,y), ? - help)
Okay, then.
Unknown command.
You found a teleport trap!
There is a staircase leading out of the dungeon here.
You have escaped!

#..## ####... #...#
##########...... #.#.###
#..........##...
#.#...#####.###########...
#.###.......#### #......#.
#..###.........# #.######.
##.# #..P.P..#.# #.# #..#[
####.###.......#.###.# #....
#..........@..)#..##.# #...#
#....................# ##...
#.........P.P..##...## #.##
#..............####.#####.##
#...........................
#.......##(..#####.....#....
#####.......## ##........###
#.#...#.# #.^.......# #
#.#.....####.........#


There were no monsters in sight!

Vanquished Creatures
  A pandemonium lord (Zot:5)
  Mara (Depths:1)
  3 orbs of fire
  7 ancient liches
  2 juggernauts
  The ghost of nago the Shatterer, a veteran OgAM of Hepliaklqana (Depths:4)
  Frederick (Vaults:5)
  the Lernaean hydra (Swamp:3)
  Xtahua (Vaults:2)
  2 curse toes
  4 Killer Klowns
  6 caustic shrikes
  9 golden dragons
  A profane servitor (Zot:2)
  A Brimstone Fiend (Zot:5)
  5 electric golems
  9 liches
  2 bone dragons (Depths:5)
  Jorgrun (Vaults:3)
  24 Orb Guardians
  19 tentacled monstrosities
  6 titans
  2 tentacled starspawn (Abyss:3)
  3 sphinxes
  4 quicksilver dragons
  6 death cobs
  21 storm dragons
  8 shadow dragons
  Agnes (Spider:1)
  Roxanne (Swamp:3)
  A thorn hunter (Swamp:3)
  6 tengu reavers
  Kirke (Swamp:1)
  A warmonger (D:4)
  7 draconian monks
  Donald (Spider:1)
  7 fire giants
  2 iron dragons (Vaults:5)
  A balrug (Zot:5)
  Louise (D:14)
  7 draconian scorchers
  5 orc warlords
  3 draconian knights
  13 frost giants
  4 deep elf sorcerers
  6 ghost moths
  15 vault wardens
  4 emperor scorpions (Spider:4)
  Aizul (Swamp:3)
  4 deep elf elementalists (Vaults:5)
  3 spriggan defenders
  An angel (Abyss:3)
  5 draconian stormcallers
  2 draconian shifters (Zot:3)
  12 very ugly things
  21 ironheart preservers
  20 stone giants
  An ophan (Abyss:3)
  3 entropy weavers
  3 war gargoyles
  6 draconian annihilators
  3 vampire knights
  6 green draconians
  A black sun (D:4)
  21 black draconians
  3 red draconians
  13 yellow draconians
  13 purple draconians
  A deep elf annihilator (Vaults:4)
  8 white draconians
  A blizzard demon (Zot:2)
  18 spark wasps
  Snorg (D:12)
  31 ettins
  20 yaktaur captains
  A green death (Zot:5)
  4 deep elf death magi
  5 ice dragons
  A merfolk impaler (Depths:1)
  28 vault guards
  12 fire dragons
  2 deep elf high priests
  7 great orbs of eyes
  A hell beast (Depths:1)
  A naga warrior (Abyss:3)
  3 crystal guardians
  9 spriggan air magi
  9 centaur warriors
  22 hydras
  6 rakshasas
  3 ghost crabs
  2 catoblepae (Depths:4)
  A death knight (Vaults:5)
  20 ogre magi
  4 dancing weapons
  13 alligators
  6 deep troll earth magi
  12 deep troll shamans
  7 death yaks (Depths:4)
  3 tengu warriors (Depths:2)
  3 hell hogs (D:6)
  5 orc high priests
  4 thrashing horrors (Abyss:3)
  A shock serpent (Zot:3)
  A soul eater (Depths:5)
  10 spriggan berserkers
  2 sun demons (Zot:5)
  A shadow wraith (Vaults:2)
  Sonja (D:14)
  4 hell knights
  5 skeletal warriors (D:13)
  A salamander mystic (Depths:4)
  7 sixfirhies
  13 deep elf knights
  4 iron trolls
  A sea snake (shapeshifter) (Vaults:4)
  3 glowing orange brains
  2 wizards
  3 large abominations
  10 hill giants
  2 spriggan druids
  A gelid demonspawn (D:4)
  2 shambling mangroves
  5 flayed ghosts
  2 unseen horrors
  An orange crystal statue (Vaults:1)
  7 deep elf archers
  24 deep trolls
  16 ironbrand convokers
  2 phantasmal warriors
  4 necromancers
  3 harpies (Vaults:2)
  12 swamp dragons
  2 harpies (shapeshifter)
  25 orb spiders
  7 orc sorcerers
  55 ugly things
  24 deep elf magi
  31 wolf spiders
  8 cyclopes
  19 orc knights
  2 salamanders (Depths:4)
  An oklob plant (Lair:6)
  A moth of wrath (shapeshifter) (Vaults:5)
  16 elephants
  An elephant (shapeshifter) (Vaults:5)
  23 moths of wrath
  A frost giant skeleton (Vaults:4)
  2 guardian serpents
  A worldbinder (Abyss:3)
  3 centaur zombies
  2 rust devils
  3 naga magi (D:15)
  A titan simulacrum (Vaults:4)
  3 smoke demons (Abyss:3)
  The ghost of DEFE the Magician, a novice DEVM of Sif Muna (D:6)
  2 water nymphs (shapeshifter)
  11 black mambas
  A torpor snail (Spider:4)
  16 vault sentinels
  A gargoyle (D:15)
  5 spectral swamp worms (Depths:4)
  4 small abominations
  A hellion (Depths:3)
  19 demonic crawlers
  34 spiny frogs
  2 rime drakes (Lair:3)
  7 komodo dragons
  An efreet (Abyss:3)
  2 ice devils
  67 yaktaurs
  A tormentor (Depths:2)
  A komodo dragon (shapeshifter) (D:14)
  6 freezing wraiths
  3 ancient zymes (Abyss:3)
  2 red devils
  A harpy zombie (D:15)
  A yaktaur skeleton (Vaults:4)
  31 jumping spiders
  A redback zombie (D:15)
  2 two-headed ogres (shapeshifter)
  A meliai (shapeshifter) (Vaults:4)
  21 trolls
  8 polar bears
  29 two-headed ogres
  2 tengu conjurers (Depths:1)
  A hornet (shapeshifter) (D:15)
  30 hornets
  18 blink frogs
  2 polar bears (shapeshifter) (Vaults:2)
  A snapping turtle (shapeshifter) (Vaults:2)
  A tyrant leech (shapeshifter) (Vaults:5)
  5 tyrant leeches
  2 raiju (Zot:3)
  20 slime creatures
  A human simulacrum (Vaults:2)
  A raiju (shapeshifter) (Vaults:2)
  A dream sheep (shapeshifter) (Vaults:5)
  10 bog bodies
  13 hippogriffs
  5 dream sheep
  A blink frog (shapeshifter) (D:14)
  A centaur simulacrum (D:15)
  4 shadows
  A wraith (D:14)
  2 ynoxinuls
  15 spriggans
  17 air elementals
  5 water elementals
  33 tarantellas
  3 basilisks
  61 redbacks
  12 wyverns
  2 tarantellas (shapeshifter)
  The ghost of Calamarain the Cudgeler, an amateur DrMo of Okawaru (D:3)
  2 chaos spawn
  A hog (shapeshifter) (Vaults:5)
  3 hogs (Swamp:1)
  58 yaks
  A basilisk (shapeshifter) (Vaults:4)
  A steam dragon (D:11)
  A neqoxec (D:11)
  An orc simulacrum (Vaults:2)
  31 vampire mosquitoes
  4 hungry ghosts
  A yaktaur simulacrum (Vaults:3)
  A warg (shapeshifter) (Vaults:3)
  23 swamp worms
  12 insubstantial wisps (Swamp:1)
  11 wargs
  2 nagas (Abyss:3)
  A hell hound (shapeshifter) (Depths:2)
  2 acid dragons (D:14)
  18 water moccasins
  A floating eye (Depths:2)
  3 soldier ants
  A floating eye (shapeshifter) (Depths:2)
  5 porcupines
  A porcupine (shapeshifter) (Depths:5)
  2 sky beasts
  12 swamp drakes
  60 orc warriors
  3 ice beasts
  84 ogres
  An eye of draining (Abyss:3)
  11 boggarts
  6 black bears
  An ettin simulacrum (Vaults:2)
  4 phantoms
  A black bear (shapeshifter) (Vaults:3)
  13 crocodiles
  6 centaurs
  16 bullfrogs
  A big kobold (D:11)
  2 wyvern zombies
  3 scorpions
  A killer bee (shapeshifter) (Vaults:5)
  6 killer bees (D:9)
  8 wights
  4 electric eels
  9 crimson imps
  4 howler monkeys
  3 bullfrog zombies
  3 quasits
  4 jellies
  33 orc wizards
  7 centaur skeletons
  25 orc priests
  4 hounds
  4 iron imps
  Jessica (D:2)
  6 iguanas
  18 worker ants
  5 lightning spires (Zot:3)
  A killer bee zombie (D:9)
  A hound zombie (D:9)
  9 gnolls
  16 adders
  9 shadow imps
  A white imp (D:11)
  4 ufetubi
  An ooze (D:6)
  2 adder skeletons
  5 worms
  A dart slug (D:1)
  4 leopard geckos
  143 orcs
  A ball python (D:4)
  12 bats
  3 bat zombies (D:5)
  6 giant cockroaches
  4 goblins
  5 hobgoblins (D:2)
  6 jackals
  5 kobolds
  6 quokkas
  8 frilled lizards
  A jackal skeleton (D:4)
  A quokka skeleton (D:6)
  4 rats
  3 rat zombies (D:5)
  10 briar patches (Swamp:3)
  3 crawling corpses (Vaults:4)
  16 fungi
  29 plants
  4 starspawn tentacles (Abyss:3)
2468 creatures vanquished.

Vanquished Creatures (others)
  An orb of fire (Zot:3)
  A draconian knight (Zot:5)
  A vault warden (Vaults:4)
  A draconian shifter (Zot:3)
  A stone giant (Depths:3)
  An ettin (Depths:1)
  2 yaktaur captains
  A rakshasa (Depths:4)
  An ogre mage (Vaults:3)
  A deep elf knight (Vaults:4)
  A moth of wrath (Zot:5)
  10 yaktaurs
  A raiju (Zot:3)
  A slime creature (Swamp:4)
  3 water elementals (Depths:1)
  2 swamp worms (Swamp:4)
  A sky beast (D:15)
  A boggart (Vaults:1)
  An orc wizard (Orc:2)
  A shadow imp (Zot:5)
  5 ball lightnings (Zot:3)
  2 orcs (D:11)
  26 fungi
  24 plants
  2 starspawn tentacles (Abyss:3)
92 creatures vanquished.

Grand Total: 2560 creatures vanquished

Notes
Turn   | Place    | Note
-------+----------+-------------------------------------------
     0 | D:1      | GordonOverkill the Minotaur Fighter began the quest for the Orb.
     0 | D:1      | Reached XP level 1. HP: 19/19 MP: 0/0
   120 | D:1      | Reached XP level 2. HP: 26/26 MP: 1/1
   534 | D:2      | Reached XP level 3. HP: 31/31 MP: 2/2
   714 | D:2      | Found a hazy altar of Hepliaklqana.
   816 | D:2      | Reached skill level 5 in Shields
   816 | D:2      | Reached XP level 4. HP: 32/39 MP: 3/3
   838 | D:2      | Noticed Jessica
   843 | D:2      | Killed Jessica
   895 | D:2      | Found a basalt altar of Yredelemnul.
   942 | D:2      | Found a glowing golden altar of the Shining One.
  1034 | D:3      | Found a shimmering altar of Xom.
  1061 | D:3      | Found a blossoming altar of Fedhas.
  1316 | D:3      | Found a burning altar of Makhleb.
  1317 | D:3      | Found a radiant altar of Vehumet.
  1319 | D:3      | Reached XP level 5. HP: 36/45 MP: 4/4
  1545 | D:3      | Reached skill level 5 in Axes
  1670 | D:3      | Noticed Calamarain's ghost (amateur DrMo)
  1694 | D:3      | Killed Calamarain's ghost
  1694 | D:3      | Reached XP level 6. HP: 16/51 MP: 5/5
  2836 | D:4      | Found a shadowy altar of Dithmenos.
  2854 | D:4      | Reached XP level 7. HP: 54/57 MP: 6/6
  3249 | D:4      | Found a deep blue altar of Sif Muna.
  3250 | D:4      | Found a shadowy altar of Dithmenos.
  3349 | D:5      | Entered Level 5 of the Dungeon
  3433 | D:5      | Found an ancient bone altar of Kikubaaqudgha.
  4069 | D:5      | Reached XP level 8. HP: 64/64 MP: 7/7
  5110 | D:6      | Reached skill level 10 in Shields
  5371 | D:6      | Found a radiant altar of Vehumet.
  5695 | D:5      | Reached skill level 10 in Axes
  6160 | D:6      | Reached XP level 9. HP: 70/70 MP: 8/8
  6196 | D:6      | Found a burning altar of Makhleb.
  6236 | D:6      | Found Pufath's Antique Weapon Shop.
  6244 | D:6      | Found a staircase to the Ecumenical Temple.
  6261 | D:6      | Noticed DEFE's ghost (novice DEVM)
  6285 | D:6      | Killed DEFE's ghost
  6296 | Temple   | Entered the Ecumenical Temple
  6863 | Temple   | Became a worshipper of Warmaster Okawaru
  7339 | D:7      | Found a white marble altar of Elyvilon.
  7360 | D:7      | Found a shimmering altar of Xom.
  7530 | D:7      | Found a sparkling altar of Nemelex Xobeh.
  7599 | D:7      | Reached * piety under Okawaru
  8317 | D:8      | Found a staircase to the Lair.
  8501 | D:8      | Reached ** piety under Okawaru
  8598 | D:8      | Reached XP level 10. HP: 73/77 MP: 9/9
  9446 | D:8      | Found Zuvusyop's Distillery.
  9454 | D:8      | Bought a potion of heal wounds for 70 gold pieces
  9454 | D:8      | Bought a potion of haste for 140 gold pieces
  9454 | D:8      | Bought a potion of might for 56 gold pieces
  9454 | D:8      | Bought a potion of might for 56 gold pieces
  9731 | D:9      | Found a roughly hewn altar of Beogh.
  9869 | D:8      | Reached *** piety under Okawaru
 10024 | D:9      | Got a dazzling war axe
 10025 | D:9      | Identified the +7 war axe "Seskiuqy" {chop, Dex+2} (You found it on level 9 of the Dungeon)
 10032 | D:9      | Identified a scroll of acquirement
 10395 | D:10     | Entered Level 10 of the Dungeon
 10442 | D:10     | Found a staircase to the Orcish Mines.
 10643 | D:10     | Received a gift from Okawaru
 10663 | D:10     | Reached **** piety under Okawaru
 10765 | D:10     | Noticed a hill giant
 10774 | D:10     | Killed a hill giant
 10774 | D:10     | Reached XP level 11. HP: 82/82 MP: 10/10
 10895 | D:10     | Noticed a hill giant
 10906 | D:10     | Killed a hill giant
 11131 | D:11     | Reached ***** piety under Okawaru
 11216 | D:11     | Received a gift from Okawaru
 11423 | D:11     | Noticed a hill giant
 11429 | D:11     | Killed a hill giant
 11529 | D:11     | Reached skill level 15 in Shields
 11551 | D:11     | Noticed a deep elf mage
 11566 | D:11     | Killed a deep elf mage
 11566 | D:11     | Reached skill level 15 in Axes
 11615 | D:11     | Noticed a deep elf mage
 11619 | D:11     | Killed a deep elf mage
 11774 | D:11     | Reached skill level 5 in Fighting
 11944 | D:12     | Noticed an eight-headed hydra
 12048 | Lair:1   | Entered Level 1 of the Lair of Beasts
 12606 | Lair:1   | Received a gift from Okawaru
 12727 | Lair:1   | Reached XP level 12. HP: 84/100 MP: 11/11
 13410 | Lair:2   | Received a gift from Okawaru
 13458 | Lair:2   | Found a hole to the Spider Nest.
 13837 | Lair:2   | Reached ****** piety under Okawaru
 14408 | Lair:3   | Received a gift from Okawaru
 14408 | Lair:3   | Reached skill level 10 in Fighting
 14740 | Lair:3   | Noticed an eight-headed hydra
 14750 | Lair:3   | Killed a three-headed hydra
 15143 | Lair:4   | Reached XP level 13. HP: 116/116 MP: 12/12
 15146 | Lair:4   | Received a gift from Okawaru
 15260 | Lair:4   | Found a staircase to the Swamp.
 15796 | Lair:4   | Reached skill level 5 in Armour
 16537 | Lair:5   | Received a gift from Okawaru
 16546 | Lair:5   | Got a crude battleaxe {god gift}
 16605 | Lair:5   | Found a staircase to the Slime Pits.
 16957 | Lair:6   | Entered Level 6 of the Lair of Beasts
 16987 | Lair:6   | Identified the +6 battleaxe of Calculation {drain, rF- rC++ Str-2 Int+8} (Okawaru gifted it to you on level 5 of the Lair of Beasts)
 17903 | Lair:6   | Reached XP level 14. HP: 130/130 MP: 13/13
 18095 | Lair:6   | Received a gift from Okawaru
 18127 | Lair:6   | Reached skill level 10 in Armour
 18780 | Lair:6   | Found a blossoming altar of Fedhas.
 19159 | Lair:1   | Gained mutation: You are agile. (Dex +2) [potion of beneficial mutation]
 19160 | Lair:1   | Gained mutation: You have an increased reservoir of magic. (+10% MP) [potion of beneficial mutation]
 19245 | Orc:1    | Entered Level 1 of the Orcish Mines
 19268 | Orc:1    | Found Onleeko's Jewellery Boutique.
 19310 | Orc:1    | Received a gift from Okawaru
 19352 | Orc:1    | Noticed a stone giant
 19354 | Orc:1    | Noticed an orc warlord
 19354 | Orc:1    | Noticed an orc warlord
 19370 | Orc:1    | Killed a stone giant
 19381 | Orc:1    | Killed an orc warlord
 19381 | Orc:1    | Reached skill level 15 in Fighting
 19401 | Orc:1    | Killed an orc warlord
 19651 | Orc:1    | Noticed an orc warlord
 19697 | Orc:1    | Killed an orc warlord
 19884 | Orc:1    | Noticed an orc warlord
 19936 | Orc:1    | Killed an orc warlord
 20242 | Orc:1    | Received a gift from Okawaru
 20820 | Orc:2    | Entered Level 2 of the Orcish Mines
 20820 | Orc:2    | Found a staircase to the Elven Halls.
 21304 | Orc:2    | Reached XP level 15. HP: 77/144 MP: 15/15
 21651 | Orc:2    | Found Axtucwir's Gadget Shoppe.
 21651 | Orc:2    | Found Cunk's Antique Weapon Boutique.
 21677 | Orc:2    | Found Xouprerr's Book Shoppe.
 21677 | Orc:2    | Found Jiot's Armour Boutique.
 21693 | Orc:2    | Bought a wand of teleportation (4/9) for 312 gold pieces
 21693 | Orc:2    | Bought a wand of teleportation (7/9) for 429 gold pieces
 21887 | D:12     | Found a huge runed gate.
 21887 | D:12     | Found a huge runed gate.
 21936 | D:12     | Received a gift from Okawaru
 21942 | D:12     | Got a bloodstained broad axe {god gift}
 21944 | D:12     | Identified the +3 broad axe "Worm" {speed, rPois rC- rN++ Stlth+} (Okawaru gifted it to you on level 12 of the Dungeon)
 21953 | D:12     | Noticed Snorg
 21966 | D:12     | Killed Snorg
 22166 | D:12     | Found a huge runed gate.
 22167 | D:12     | Found a huge runed gate.
 22753 | D:13     | You fall through a shaft for 2 floors!
 22753 | D:15     | Entered Level 15 of the Dungeon
 22813 | D:14     | Found a shimmering altar of Xom.
 22820 | D:14     | Reached skill level 1 in Invocations
 22830 | D:14     | Received a gift from Okawaru
 22867 | D:14     | Got a pair of twisted boots {god gift}
 22873 | D:14     | Identified the +2 pair of boots of Vinkessytir {-Cast +Inv MR++} (Okawaru gifted it to you on level 14 of the Dungeon)
 23102 | D:14     | Found a gate to the Vaults.
 23180 | D:14     | Noticed Sonja
 23186 | D:14     | Killed Sonja
 23308 | D:14     | Noticed Louise
 23326 | D:14     | Killed Louise
 23430 | D:14     | You fall through a shaft!
 23477 | D:14     | Reached skill level 5 in Invocations
 24333 | D:13     | Received a gift from Okawaru
 24998 | D:15     | Reached XP level 16. HP: 157/157 MP: 22/22
 25232 | D:15     | Found a staircase to the Depths.
 25847 | Swamp:1  | Entered Level 1 of the Swamp
 26004 | Swamp:1  | Noticed Kirke
 26024 | Swamp:1  | Killed Kirke
 26211 | Swamp:1  | Received a gift from Okawaru
 26287 | Swamp:1  | Upgraded the game from 0.20-a0-197-g1294df6 to 0.20-a0-208-g55166f7
 27508 | Swamp:2  | Noticed a tentacled monstrosity
 27508 | Swamp:2  | Found a runed door.
 27911 | Swamp:2  | Killed a tentacled monstrosity
 27957 | Swamp:3  | Noticed Aizul
 27973 | Swamp:3  | Killed Aizul
 28066 | Swamp:3  | Noticed a thorn hunter
 28090 | Swamp:3  | Killed a thorn hunter
 28090 | Swamp:3  | Received a gift from Okawaru
 28090 | Swamp:3  | Reached skill level 10 in Invocations
 28551 | Swamp:3  | Noticed Roxanne
 28580 | Swamp:3  | Killed Roxanne
 29361 | Swamp:4  | Entered Level 4 of the Swamp
 29445 | Swamp:4  | Reached XP level 17. HP: 170/170 MP: 26/26
 29496 | Swamp:4  | Reached skill level 1 in Dodging
 30139 | Swamp:4  | Noticed the 27-headed Lernaean hydra
 30186 | Swamp:4  | Received a gift from Okawaru
 31051 | Swamp:3  | Killed the 11-headed Lernaean hydra
 31491 | Swamp:4  | Reached skill level 5 in Dodging
 31821 | Swamp:4  | Got a decaying rune of Zot
 32400 | Spider:1 | Entered Level 1 of the Spider Nest
 32413 | Spider:1 | Received a gift from Okawaru
 32643 | Spider:1 | Noticed Agnes
 33021 | Spider:1 | Killed Agnes
 33107 | Spider:1 | Noticed Donald
 33123 | Spider:1 | Killed Donald
 33924 | Spider:2 | Found a roughly hewn altar of Beogh.
 34225 | Spider:3 | Reached XP level 18. HP: 166/183 MP: 27/27
 34497 | Spider:3 | Received a gift from Okawaru
 34698 | Spider:4 | Entered Level 4 of the Spider Nest
 34982 | Spider:4 | Reached skill level 10 in Dodging
 35055 | Spider:4 | Received a gift from Okawaru
 35058 | Spider:4 | Got a pair of transparent boots {god gift}
 35069 | Spider:4 | Identified the +0 pair of boots of the Blue Skies {+Fly} (Okawaru gifted it to you on level 4 of the Spider Nest)
 35886 | Spider:4 | Got a gossamer rune of Zot
 36737 | Vaults:1 | Entered Level 1 of the Vaults
 37670 | Vaults:1 | Found Voasod's Book Emporium.
 37802 | Vaults:1 | Found Liugiulo's Antique Weapon Emporium.
 37811 | Vaults:1 | Found Jywkorar's Weapon Emporium.
 37955 | Vaults:1 | Received a gift from Okawaru
 37957 | Vaults:1 | Found a flickering gateway to a bazaar.
 37984 | Bazaar   | Entered a bazaar
 37990 | Bazaar   | Found Reaklyde's Magic Scroll Emporium.
 37998 | Bazaar   | Found Wiasos's Antique Weapon Emporium.
 38009 | Bazaar   | Found Fikupn's Gadget Boutique.
 38020 | Bazaar   | Found Cuz Punk's Antique Armour Shoppe.
 38028 | Bazaar   | Found Datadgh's General Store.
 38042 | Bazaar   | Bought a potion of haste for 100 gold pieces
 38064 | Bazaar   | Bought a scroll of fear for 49 gold pieces
 38064 | Bazaar   | Bought 3 scrolls of enchant armour for 315 gold pieces
 38101 | Vaults:1 | Got a jewelled executioner's axe {god gift}
 38107 | Vaults:1 | Identified the +7 executioner's axe of Accidental Termination {flame, Int+6} (Okawaru gifted it to you on level 1 of the Vaults)
 38625 | Vaults:1 | Reached XP level 19. HP: 195/195 MP: 28/28
 39130 | Vaults:1 | Found Oseceute's Antique Weapon Boutique.
 39358 | Vaults:2 | Received a gift from Okawaru
 40013 | Vaults:2 | Noticed Xtahua
 40027 | Vaults:2 | Killed Xtahua
 40227 | Vaults:2 | Received a gift from Okawaru
 40664 | Vaults:3 | Found Goecem's Food Shop.
 41017 | Vaults:3 | Received a gift from Okawaru
 41018 | Vaults:3 | Noticed Jorgrun
 41034 | Vaults:3 | Killed Jorgrun
 41034 | Vaults:3 | Reached skill level 15 in Dodging
 41620 | Vaults:3 | Received a gift from Okawaru
 41645 | Vaults:3 | Reached skill level 1 in Evocations
 41775 | Vaults:3 | Reached XP level 20. HP: 154/207 MP: 30/30
 42377 | Vaults:4 | Received a gift from Okawaru
 42567 | Vaults:4 | Reached skill level 5 in Evocations
 43118 | Vaults:4 | Received a gift from Okawaru
 43476 | Vaults:4 | Found Udghey Idyosi's Magic Scroll Boutique.
 44028 | Vaults:4 | Found a portal to a secret trove of treasure.
 44613 | Depths:1 | Entered Level 1 of the Depths
 44647 | Depths:1 | Noticed Mara
 44667 | Depths:1 | Noticed GordonOverkill's illusion
 44682 | Depths:1 | Killed Mara
 44682 | Depths:1 | Received a gift from Okawaru
 44990 | Depths:1 | Reached XP level 21. HP: 200/220 MP: 31/31
 45064 | Depths:1 | Found a glowing golden altar of the Shining One.
 45159 | Depths:1 | Found a gateway to Hell.
 45785 | Depths:2 | Found a one-way gate to the infinite horrors of the Abyss.
 45802 | Depths:2 | Received a gift from Okawaru
 46212 | Depths:2 | Noticed a golden dragon
 46233 | Depths:2 | Killed a golden dragon
 46288 | Depths:2 | Reached skill level 15 in Armour
 46615 | Depths:2 | Noticed a caustic shrike
 46616 | Depths:2 | Noticed a caustic shrike
 46617 | Depths:2 | Noticed a caustic shrike
 47389 | Depths:2 | Received a gift from Okawaru
 47459 | Depths:2 | Got a dazzling cloak {god gift}
 47460 | Depths:2 | Identified the +0 cloak of the Crypt {Str+3} (Okawaru gifted it to you on level 2 of the Depths)
 48010 | Depths:2 | Noticed a caustic shrike
 48015 | Depths:2 | Noticed a caustic shrike
 48018 | Depths:2 | Killed a caustic shrike
 48720 | Depths:2 | Killed a caustic shrike
 48720 | Depths:2 | Reached skill level 27 in Fighting
 48884 | Depths:2 | Killed a caustic shrike
 48908 | Depths:2 | Paralysed by a floating eye for 2 turns
 48913 | Depths:2 | Reached XP level 22. HP: 198/233 MP: 30/32
 48918 | Depths:2 | Killed a caustic shrike
 49015 | Depths:2 | Killed a caustic shrike
 49811 | Depths:3 | Found a one-way gate leading to the halls of Pandemonium.
 50093 | Depths:3 | Noticed a juggernaut
 50095 | Depths:3 | Noticed a caustic shrike
 50115 | Depths:3 | Killed a caustic shrike
 50120 | Depths:3 | Killed a juggernaut
 50183 | Depths:3 | Received a gift from Okawaru
 51384 | Depths:4 | Found a gateway to a ziggurat.
 51432 | Depths:4 | Found a shattered altar of Ashenzari.
 51435 | Depths:4 | Noticed nago's ghost (veteran OgAM)
 51469 | Depths:4 | Killed nago's ghost
 51945 | Depths:4 | Identified the Compendium of Air and Flames
 52052 | Depths:4 | Reached XP level 23. HP: 199/240 MP: 33/33
 52115 | Depths:4 | Received a gift from Okawaru
 52141 | Depths:4 | Found Tegust's Distillery.
 52333 | Depths:4 | Bought a potion of heal wounds for 95 gold pieces
 52333 | Depths:4 | Bought a potion of haste for 190 gold pieces
 52333 | Depths:4 | Bought 2 potions of haste for 380 gold pieces
 52333 | Depths:4 | Bought a potion of might for 76 gold pieces
 52333 | Depths:4 | Bought a potion of might for 76 gold pieces
 52678 | Depths:4 | Found Bicoluin's Jewellery Emporium.
 52679 | Depths:4 | Found Gumadgho's Gadget Shop.
 52679 | Depths:4 | Found Boreo's Gadget Shop.
 52755 | Depths:4 | Bought a wand of acid (5/15) for 414 gold pieces
 52757 | Depths:4 | Bought a cursed ring of teleportation for 67 gold pieces
 52898 | Depths:4 | Noticed a juggernaut
 52919 | Depths:4 | Killed a juggernaut
 52966 | Depths:4 | Got a translucent broad axe
 52967 | Depths:4 | Identified the +1 broad axe "Mafech" {freeze, rC+ Int+3} (You found it on level 4 of the Depths)
 53024 | Depths:4 | Got a polished scale mail
 53025 | Depths:4 | Identified the +8 scale mail of Zissiuh {rC+} (You found it on level 4 of the Depths)
 53071 | Depths:4 | Received a gift from Okawaru
 53154 | Depths:5 | Entered Level 5 of the Depths
 53873 | Depths:5 | Found a gate to the Realm of Zot.
 54092 | Depths:5 | Received a gift from Okawaru
 54424 | Depths:5 | Found Meel's Assorted Antiques.
 54432 | Depths:5 | Bought a flickering brass ring for 255 gold pieces
 54432 | Depths:5 | Bought a scroll of magic mapping for 178 gold pieces
 54432 | Depths:5 | Bought a dented sapphire amulet for 255 gold pieces
 54432 | Depths:5 | Bought a scroll of magic mapping for 178 gold pieces
 54436 | Depths:5 | Identified the ring of Free Expression {*Contam rN+ Int+4 Stlth+} (You bought it in a shop on level 5 of the Depths)
 55017 | Vaults:5 | Entered Level 5 of the Vaults
 55064 | Vaults:4 | Reached XP level 24. HP: 195/249 MP: 31/33
 55383 | Vaults:4 | Received a gift from Okawaru
 55489 | Vaults:5 | Identified the Volume of Spatial Ignition
 55747 | Vaults:5 | Noticed an ancient lich
 55775 | Vaults:5 | Killed an ancient lich
 56405 | Vaults:5 | Got an opal-encrusted plate armour
 56407 | Vaults:5 | Got a silver rune of Zot
 56428 | Vaults:5 | Identified the +12 plate armour "Bupp" {+Inv Regen+ Str+3} (You found it on level 5 of the Vaults)
 56437 | Vaults:5 | Got a pitted steel amulet
 56438 | Vaults:5 | Identified the Volume of Enchantment
 56440 | Vaults:5 | Identified the Reference Book on Noxious Translocation
 56443 | Vaults:5 | Identified the amulet "Exotuerph" {Harm *Drain rF+ Dex+7 SInv} (You found it on level 5 of the Vaults)
 56453 | Vaults:5 | Got a shimmering zirconium amulet
 56455 | Vaults:5 | Identified the amulet "Ocwyas" {Gourm +Inv} (You found it on level 5 of the Vaults)
 56755 | Vaults:5 | Reached skill level 27 in Armour
 57067 | Vaults:5 | Noticed Frederick
 57098 | Vaults:5 | Cast into level 3 of the Abyss (Frederick)
 57387 | Abyss:3  | Received a gift from Okawaru
 57404 | Vaults:5 | Escaped the Abyss
 57421 | Vaults:5 | Killed Frederick
 57421 | Vaults:5 | Reached XP level 25. HP: 247/257 MP: 27/33
 57430 | Vaults:5 | Got a brightly glowing lead amulet
 57450 | Vaults:5 | Identified Xyublaf's Handbook of Helpful Conjuration
 57460 | Vaults:5 | Identified the amulet of the Three Queens {Spirit Str+6} (You took it off a fire giant on level 5 of the Vaults)
 57487 | Vaults:5 | Identified the Catalogue of Flamy Snow
 57780 | Vaults:4 | You paid a toll of a wand of hasting (9) to enter a treasure trove
 57781 | Trove    | Entered a treasure trove
 57811 | Trove    | Got a fine broad axe
 57812 | Trove    | Identified the +5 broad axe of Fuzuecro {drain, rElec Str+4 Int+2} (You found it in a treasure trove)
 57831 | Trove    | Got a steaming broad axe
 57832 | Trove    | Identified the +4 broad axe "Tassavall" {antimagic, rPois rN+ Str+3} (You found it in a treasure trove)
 58146 | Vaults:1 | Bought a manual of Shields for 1987 gold pieces
 58394 | D:8      | Bought a potion of cure mutation for 350 gold pieces
 58705 | Zot:1    | Entered Level 1 of the Realm of Zot
 59338 | Zot:1    | Received a gift from Okawaru
 61025 | Zot:3    | Received a gift from Okawaru
 61033 | Zot:3    | Got a pair of spiked boots {god gift}
 61034 | Zot:3    | Identified the +0 pair of boots of Okawaru's Pride {Dex+3} (Okawaru gifted it to you on level 3 of the Realm of Zot)
 61394 | Zot:3    | Killed an orb of fire
 62087 | Zot:4    | Reached XP level 26. HP: 266/266 MP: 33/33
 62309 | Zot:4    | Noticed an orb of fire
 62320 | Zot:4    | Killed an orb of fire
 62338 | Zot:4    | Received a gift from Okawaru
 62730 | Zot:5    | Entered Level 5 of the Realm of Zot
 63188 | Zot:5    | Noticed an ancient lich
 63194 | Zot:5    | Killed an ancient lich
 63210 | Zot:5    | Lost mutation: You have an increased reservoir of magic. (+10% MP) [the power of Zot]
 63212 | Zot:5    | Noticed an ancient lich
 63217 | Zot:5    | Noticed an ancient lich
 63217 | Zot:5    | Noticed an orb of fire
 63242 | Zot:5    | Killed an orb of fire
 63252 | Zot:5    | Killed an ancient lich
 63255 | Zot:5    | Killed an ancient lich
 63255 | Zot:5    | Received a gift from Okawaru
 63575 | Zot:5    | Noticed an ancient lich
 63589 | Zot:5    | Killed an ancient lich
 63589 | Zot:5    | Reached XP level 27. HP: 240/273 MP: 24/30
 63594 | Zot:5    | Reached skill level 27 in Shields
 63626 | Zot:5    | Noticed an ancient lich
 63636 | Zot:5    | Killed an ancient lich
 63644 | Zot:5    | Noticed an orb of fire
 63644 | Zot:5    | Gained mutation: You are dopey. (Int -2) [an orb of fire]
 63644 | Zot:5    | Gained mutation: Scrolls take you a little longer to read. [an orb of fire]
 63648 | Zot:5    | Gained mutation: You occasionally shout uncontrollably at your foes. [an orb of fire]
 63649 | Zot:5    | Gained mutation: Your magical capacity is low. (-10% MP) [an orb of fire]
 63661 | Zot:5    | Gained mutation: You are frail. (-10% HP) [an orb of fire]
 63667 | Zot:5    | Killed an orb of fire
 63735 | Zot:5    | Lost mutation: You are frail. (-10% HP) [potion of cure mutation]
 63735 | Zot:5    | Lost mutation: You occasionally shout uncontrollably at your foes. [potion of cure mutation]
 63735 | Zot:5    | Lost mutation: You are dopey. (Int -2) [potion of cure mutation]
 63735 | Zot:5    | Lost mutation: Your magical capacity is low. (-10% MP) [potion of cure mutation]
 63736 | Zot:5    | Lost mutation: Scrolls take you a little longer to read. [potion of cure mutation]
 63736 | Zot:5    | Lost mutation: You are agile. (Dex +2) [potion of cure mutation]
 63973 | Zot:5    | Noticed an ancient lich
 63982 | Zot:5    | Killed an ancient lich
 64003 | Zot:5    | Received a gift from Okawaru
 64006 | Zot:5    | Got a shimmering broad axe {god gift}
 64007 | Zot:5    | Identified the +8 broad axe of Valour {chop, *Noise rPois rF+ MR+} (Okawaru gifted it to you on level 5 of the Realm of Zot)
 64029 | Zot:5    | Got the Orb of Zot
 64030 | Zot:5    | Noticed Arixt the pandemonium lord
 64053 | Zot:5    | Killed Arixt the pandemonium lord
 64092 | Zot:5    | HP: 19/409 [Brimstone Fiend (4)]
 64092 | Zot:5    | HP: 8/409 [balrug/demon whip of electrocution (7)]
 64503 | Depths:2 | Noticed Riskonu the pandemonium lord
 64657 | D:11     | Gained mutation: You regenerate slowly when monsters are visible. [a neqoxec]
 64815 | D:4      | Received a gift from Okawaru
 64909 | D:$      | Escaped with the Orb!

Vault maps used:
D:1:      dpeg_arrival_orchard
D:2:      tso_oasis_becter, lemuel_doored_altar, lemuel_coloured_pillars_altar,
          uniq_jessica
D:3:      grunt_temple_overflow_lords_of_destruction,
          nicolae_overflow_crystal_walls, first_bread,
          kennysheep_big_empty_room, xom_teletrap_fun
D:4:      gammafunk_temple_overflow_statue, glass_columns_c,
          nicolae_dithmenos_through_a_glass_darkly
D:5:      lemuel_zombie_altar_kikubaaqudgha
D:6:      serial_shops, shop_fountains, basic_altar, bloody_makhleb
D:7:      nemelex_xobeh_ov_fountains_minmay, old_standard_altar,
          elyvilon_altar_5, kennysheep_decorative_pillar
D:8:      minmay_opposing_rooms, lair_entry_dummy, serial_shops,
          nicolae_shop_temple_entry_statues_fountains,
          hangedman_pestilent_swarm, minmay_tree_intersection
D:10:     minmay_orc_entry_guard_dogs, glass_columns_a
D:11:     hangedman_minor_magic
D:12:     lemuel_bear_cage, uniq_snorg
D:13:     kennysheep_spiral_hall
D:14:     erik_vaults_1, basic_altar, amethyst_killhole, uniq_sonja, uniq_louise
D:15:     grunt_enter_depths_magical_seal, minmay_misc_feat_rows
Temple:   kb_temple_of_zot
Lair:1:   serial_bayou_shore_a, infiniplex_staircase_pool, grunt_megastairs_2
Lair:2:   spider_nest_entry_a, grunt_megastairs_4
Lair:4:   swamp_mist_pool, beast_lair_carwin_10, serial_bayou_shore_b
Lair:5:   slime_dummy, lemuel_fruit_tree
Lair:6:   hangedman_lair_tendril_chambers, tgw_fedhas
Swamp:1:  wheals_swamp_sinkhole, grunt_witch_cave, uniq_kirke
Swamp:2:  cheibrodos_swamp_sealed, evilmike_swamp_ruin_house_1
Swamp:3:  serial_swamp_ruin, evilmike_swamp_ruin_house_4,
          evilmike_swamp_ruin_house_6, evilmike_swamp_ruin_rubble_1,
          swamp_pool1, statue_in_the_mist_lemuel, hangedman_swamp_blocks,
          uniq_roxanne, uniq_aizul
Swamp:4:  swamp, infiniplex_staircase_pool_2
Spider:1: uniq_agnes, uniq_donald
Spider:2: nicolae_spider_mines_2, guppyfry_spider_mini_2,
          nicolae_spider_cling_ruins
Spider:3: spider_trap, hangedman_spider_tarantella_strand
Spider:4: guppyfry_spider_rune
Orc:1:    serial_shops, shop_fountains, minmay_orc_treasury
Orc:2:    grunt_orc_tribal_feast
Vaults:1: vaults_standard_mumra_enter_the_diamond,
          nicolae_vaults_little_squares_5, nicolae_vaults_stairing_the_circle,
          v_misc_17, v_rooms_2, nicolae_vaults_statue_guard,
          nicolae_vaults_little_squares_2, hangedman_vaults_slice,
          grunt_vaults_hallway_long, v_misc_11, nicolae_vaults_little_squares_1,
          nicolae_vaults_back_hallway, serial_shops, bzr_entry_customers, shop,
          nicolae_shop_behind_doors, nicolae_shop_trees, shop
Vaults:2: ontoclasm_vaults_shuriken, v_alt_pattern_2,
          nicolae_vaults_little_squares_6, uniq_xtahua
Vaults:3: v_rooms_5, vaults_room_pool, vaults_dpeg_hooks,
          vaults_mumra_chevron_long, nicolae_vaults_little_squares_1,
          nicolae_vaults_an_arrangement, v_misc_12, v_misc_4,
          ontoclasm_vaults_ring_square, vaults_room_fours,
          nicolae_vaults_shelves_hall, serial_shops, shop_statue, uniq_jorgrun
Vaults:4: st_octagons_1, v_misc_30, ontoclasm_vaults_ring_square,
          vaults_room_door_hall, nicolae_vaults_little_squares_5, v_misc_5,
          nicolae_vaults_network_barrier, v_misc_29,
          hangedman_vaults_corner_blocks, v_pattern_3, vaults_dpeg_encased_lava,
          nicolae_vaults_little_squares_6, v_misc_23,
          nicolae_vaults_little_squares_6, serial_shops, shop,
          trove_entry_hex_spiral
Vaults:5: serial_shops, uniq_frederick
Depths:1: kennysheep_flooded_box, hell_entry, solitary_fountain,
          lemuel_freeze_loot_1, grunt_megastairs_3, uniq_mara
Depths:2: grunt_runaround, abyss_entry, hell_entry, serial_shops
Depths:3: minmay_broken_ring, serial_sigils, serial_sigils_hangedman_clutch,
          serial_sigils_hangedman_gnaw, serial_sigils_hangedman_quiver,
          serial_sigils_hangedman_gut, serial_sigils_hangedman_gut,
          serial_sigils_hangedman_writhe, grunt_pan_entry_zigzag, hell_entry
Depths:4: giant_chief_lemuel, enter_ziggurat_a, pf_hell_entry_tar_river,
          abyss_entry, serial_shops, nicolae_shop_window_shopping,
          evilmike_ruin_ashenzari, kennysheep_windowed_goal,
          infiniplex_staircase_star, minmay_shop_grove
Depths:5: grunt_twist_and_shout, serial_shops, shop, abyss_entry_crystal,
          hell_entry
Zot:1:    lemuel_draconian_sentries_small
Zot:3:    infiniplex_zot_generator
Zot:4:    nicolae_lava_and_water, grunt_ministairs_8
Bazaar:   bazaar_lake
Trove:    trove_weapons_four_rooms

Skill      XL: |  1  2  3  4  5  6  7  8  9 10 11 12 13 14 15 16 17 18 19 20 21 22 23 24 25 26 27 |
---------------+----------------------------------------------------------------------------------+-----
Axes           | 3 4 6 8 10 12 13 15 17 18 | 18.0
Shields        | 4 5 6 7 8 10 12 14 15 16 23 26 27 | 27.0
Fighting       | 7 11 13 16 18 20 21 23 24 25 27 | 27.0
Armour         | 9 13 14 17 21 25 27 | 27.0
Invocations    | 7 11 | 11.0
Dodging        | 9 13 15 16 17 21 | 21.3
Evocations     | 1 8 |  8.4

Action                   |  1- 3 |  4- 6 |  7- 9 | 10-12 | 13-15 | 16-18 | 19-21 | 22-24 | 25-27 || total
-------------------------+-------+-------+-------+-------+-------+-------+-------+-------+-------++-------
Melee: War axe           |    66 |   122 |   240 |   678 |  1366 |  1189 |  1173 |       |       ||  4834
       Headbutt          |    12 |    25 |    72 |   183 |   439 |   588 |   552 |   504 |   392 ||  2767
       Hand axe          |       |       |   167 |   157 |    43 |   114 |       |       |       ||   481
       Broad axe         |       |       |       |       |       |   647 |   460 |  1400 |  1189 ||  3696
Invok: Heroism           |       |       |       |     3 |     6 |     9 |    13 |    15 |    10 ||    56
       Finesse           |       |       |       |       |       |     3 |     7 |    11 |    10 ||    31
Evoke: Wand              |       |       |       |       |       |     5 |       |       |    17 ||    22
  Use: Potion            |       |     1 |       |       |     6 |     6 |     2 |     1 |    15 ||    31
       Scroll            |       |       |    16 |    16 |    12 |    23 |    11 |    12 |    26 ||   116
 Stab: Invisible         |       |       |       |       |     6 |     2 |       |       |       ||     8
       Distracted        |       |       |       |       |       |     1 |     1 |     3 |     2 ||     7
       Held in net/web   |       |       |       |       |       |     1 |       |       |       ||     1
       Petrified         |       |       |       |       |       |       |       |     5 |       ||     5
       Petrifying        |       |       |       |       |       |       |       |     1 |       ||     1
  Eat: Chunk             |       |     6 |     9 |    19 |    27 |    36 |    37 |    23 |    11 ||   168
       Meat ration       |       |       |     2 |     1 |       |       |       |       |       ||     3
       Pizza             |       |       |     2 |       |     1 |     3 |       |     1 |     1 ||     8
       Beef jerky        |       |       |       |       |     4 |     3 |     1 |     1 |     2 ||    11
       Fruit             |       |       |       |       |    17 |    24 |       |     2 |     3 ||    46
       Royal jelly       |       |       |       |       |       |     7 |     1 |       |     2 ||    10
       Bread ration      |       |       |       |       |       |       |       |       |     2 ||     2
Armor: Scale mail        |    32 |    44 |   142 |   184 |    98 |       |       |       |       ||   500
       Plate armour      |       |       |       |       |   316 |  1270 |   381 |   337 |   405 ||  2709
       Skin              |       |       |       |       |       |       |       |       |    78 ||    78
Dodge: Dodged            |    24 |    29 |    99 |   149 |   231 |   649 |   513 |   481 |   517 ||  2692
Block: Shield            |    32 |    57 |   221 |   519 |   872 |  1491 |  1087 |   960 |   828 ||  6067
       Reflection        |       |       |       |       |       |       |    56 |    67 |       ||   123
